 Dungeon Crawl Stone Soup version 0.30.1-4-g462c640d31 (webtiles) character file.

Game seed: 208605432549084824

121 Zeor the Slasher (level 4, 0/34 HPs)
             Began as a Demonspawn Gladiator on Sept 1, 2023.
             Slain by Terence
             ... wielding a +1 short sword of holy wrath
              (1 damage)
             ... on level 2 of the Dungeon.
             The game lasted 00:03:42 (1159 turns).

Zeor the Slasher (Demonspawn Gladiator)             Turns: 1159, Time: 00:03:44

Health: 0/34       AC:  8    Str: 14    XL:     4   Next: 77%
Magic:  4/4        EV: 13    Int:  9    God:
Gold:   37         SH:  0    Dex: 17    Spells: 3/3 levels left

rFire   . . .        a - +0 long sword
rCold   . . .        (no shield)
rNeg    . . .        b - +0 leather armour
rPois   .            c - +0 helmet
rElec   .            (no cloak)
rCorr   .            i - +1 pair of gloves
SInv    .            (no boots)
Will    .....        (no amulet)
Stlth   +            (no ring)
HPRegen 0.25/turn    (no ring)
MPRegen 0.09/turn

%: no passive effects
@: flying
A: thin metallic scales 1, powered by death 1, spiny 1
a: no special abilities


You were on level 2 of the Dungeon.
You visited 1 branch of the dungeon, and saw 2 of its levels.

You collected 37 gold pieces.

Inventory:

Hand Weapons
 a - a +0 long sword (weapon)
 f - a +0 short sword of freezing
Missiles
 d - 3 throwing nets (quivered)
 e - a javelin
Armour
 b - a +0 leather armour (worn)
 c - a +0 helmet (worn)
 i - a +1 pair of gloves (worn)
Wands
 h - a wand of flame (16)
Scrolls
 g - a scroll of immolation


   Skills:
 + Level 2.3 Fighting
 * Level 4.1 Long Blades
 + Level 1.7 Throwing
 + Level 0.9 Armour
 * Level 3.5 Dodging
 + Level 0.1 Stealth


You had 3 spell levels left.
You didn't know any spells.
Your spell library contained the following spells:

 Spells                   Type           Power      Damage    Failure   Level
 Blink                    Tloc           0%         N/A       58%         2
 Lesser Beckoning         Tloc           0%         N/A       58%         2
 Momentum Strike          Conj/Tloc      0%         3d8       58%         2


Dungeon Overview and Level Annotations

Branches:
Dungeon (2/15)

Altars:

Annotations:
D:2 Terence


Innate Abilities, Weirdness & Mutations

You are partially covered in thin metallic scales. (AC +2)
You regenerate a little health from kills.
You are partially covered in sharp spines.


Message History

Natasha is struck by your spines. Natasha claws you!
You hit Natasha.
You kill Natasha!
Natasha screams in fury as she dies!
Your Long Blades skill increases to level 4!
HP restored.
There is a stone staircase leading up here.
Terence the Incautious comes into view.
He is wielding a +1 short sword of holy wrath.
Terence shouts!
You closely miss Terence.
Terence hits you with a +1 short sword of holy wrath.
You convulse.
Terence hits you with a +1 short sword of holy wrath.
You convulse.
You are too injured to fight recklessly!
You are too injured to fight recklessly!
Okay, then.
You hit Terence but do no damage.
Terence hits you with a +1 short sword of holy wrath.
* * * LOW HITPOINT WARNING * * *
You convulse.
* * * LOW HITPOINT WARNING * * *
It was a potion of flight.
You feel very buoyant.
You fly up into the air.
Terence hits you with a +1 short sword of holy wrath.
* * * LOW HITPOINT WARNING * * *
You convulse.
* * * LOW HITPOINT WARNING * * *
Okay, then.
You hit Terence.
Terence is moderately wounded.
Terence barely misses you.
You hit Terence.
Terence is moderately wounded.
Terence is struck by your spines.
Terence hits you with a +1 short sword of holy wrath.
* * * LOW HITPOINT WARNING * * *
You convulse.
You die...

▒∙▒∙▒ ▒∙▒∙▒▒▒▒▒▒▒
▒∙∙∙∙∙∙∙∙∙▒
▒▒▒▒▒▒∙▒▒▒▒▒∙▒ ∙∙▒
▒∙▒∙∙∙▒∙▒ ∙∙▒ ▒∙▒∙▒∙▒∙▒
∙∙▒ ▒∙▒∙▒∙▒∙▒ ▒▒▒
▒∙▒∙▒∙▒∙▒▒▒▒▒▒▒▒▒
▒∙▒∙▒∙▒∙▒∙∙6@∙∙∙▒
▒)▒∙▒∙▒∙▒∙▒▒▒▒▒∙▒▒
▒▒▒▒∙▒∙▒∙▒∙▒∙▒∙∙∙▒∙∙▒▒
▒∙∙∙∙∙∙▒∙▒∙▒∙▒∙▒∙▒≈∙≈▒
▒∙∙∙∙∙∙▒∙▒∙▒∙▒∙▒∙▒≈∙≈▒
▒∙∙∙∙∙∙▒∙▒∙▒<∙∙▒∙▒≈∙≈▒
▒∙∙∙∙∙∙▒∙▒∙∙∙∙∙▒∙▒≈≈≈▒
▒▒∙∙∙∙∙▒∙▒▒▒∙▒∙▒∙▒∙∙▒
▒▒▒∙∙∙∙∙∙▒∙∙∙∙∙▒∙▒∙▒∙▒▒


You could see Terence.

Vanquished Creatures
  Jessica (D:2)
  Natasha (D:2)
  An adder (D:2)
  A worm (D:2)
  2 dart slugs
  3 ball pythons
  An endoplasm (D:1)
  2 giant cockroaches (D:2)
  9 goblins
  2 hobgoblins (D:1)
  10 jackals
  5 kobolds
  A quokka (D:1)
  5 bats (D:1)
  A frilled lizard (D:2)
  5 rats
50 creatures vanquished.

Notes
Turn   | Place    | Note
-------+----------+-------------------------------------------
     0 | D:1      | Zeor the Demonspawn Gladiator began the quest for the Orb.
     0 | D:1      | Reached XP level 1. HP: 16/16 MP: 1/1
    52 | D:1      | Reached skill level 3 in Long Blades
    52 | D:1      | Gained mutation: You are partially covered in thin metallic
                  | scales. (AC +2) [demonic ancestry]
    52 | D:1      | Reached XP level 2. HP: 22/22 MP: 2/2
   218 | D:1      | Gained mutation: You are partially covered in sharp spines.
                  | [demonic ancestry]
   218 | D:1      | Reached XP level 3. HP: 12/27 MP: 3/3
   429 | D:1      | Found a faded altar of an unknown god.
   819 | D:2      | Noticed Jessica
   824 | D:2      | Killed Jessica
   825 | D:2      | Gained mutation: You regenerate a little health from kills.
                  | [demonic ancestry]
   825 | D:2      | Reached XP level 4. HP: 33/33 MP: 4/4
   986 | D:2      | Noticed Natasha
   995 | D:2      | Killed Natasha
   996 | D:2      | Reached skill level 4 in Long Blades
  1152 | D:2      | Noticed Terence
  1159 | D:2      | HP: 1/34 [Terence/+1 short sword of holy wrath (3)]
  1159 | D:2      | Slain by Terence

Illustrated notes

Levels and vault maps discovered:
D:1:      minmay_arrival_up_and_down, layout_rooms,
          hellmonk_ecumenical_altar_blasted, serial_glass, glass_columns_a,
          glass_columns_c, st_stairs_12, kennysheep_boxes
D:2:      layout_basic, chequers_serial_rivers_micro_d, hangedman_decor_lopped,
          hangedman_feature_mirror, uniq_terence, uniq_natasha, uniq_jessica

Skill      XL: |  1  2  3  4 |
---------------+-------------+-----
Dodging        | 3 |  3.5
Long Blades    | 3 4 |  4.1
Fighting       | |  2.3
Throwing       | |  1.7
Armour         | |  0.9
Stealth        | |  0.1

Action                     |  1- 3 |  4- 6 || total
---------------------------+-------+-------++-------
  Melee: Long sword        |   100 |    26 ||   126
         Punch             |     1 |       ||     1
  Throw: Javelin           |     1 |       ||     1
    Use: Scroll            |     2 |     2 ||     4
         Potion            |       |     1 ||     1
   Stab: Sleeping          |     1 |     1 ||     2
 Armour: Leather armour    |    56 |     8 ||    64
  Dodge: Dodged            |   101 |    25 ||   126
